 Dungeon Crawl Stone Soup version 0.27.1-34-g3ba077fa99 (webtiles) character file.

Game seed: 3089193415202437707

75 pkoi the Insei (level 4, -1/38 HPs)
             Began as a Draconian Monk on Jan 17, 2022.
             Slain by Grinder (7 damage)
             ... on level 3 of the Dungeon.
             The game lasted 00:02:31 (2513 turns).

pkoi the Insei (Draconian Monk)                     Turns: 2513, Time: 00:02:32

Health: -1/38      AC:  5    Str: 13    XL:     4   Next: 11%
Magic:  4/4        EV: 12    Int: 12    God:
Gold:   56         SH:  0    Dex: 13    Spells: 3/3 levels left

rFire    . . .     SeeInvis .     - Unarmed
rCold    . . .     Faith    .   (no shield)
rNeg     . . .     Spirit   .   (armour unavailable)
rPois    .         Reflect  .   (helmet restricted)
rElec    .         Harm     .   (no cloak)
rCorr    .         Rampage  .   (no gloves)
Will     .....                  (no boots)
Stlth    ++........             (no amulet)
HPRegen  0.12/turn              (no ring)
MPRegen  0.09/turn              (no ring)

@: hasted, very quick
A: AC +5, unfitting armour, cold-blooded
a: no special abilities


You were on level 3 of the Dungeon.
You visited 1 branch of the dungeon, and saw 3 of its levels.

You collected 56 gold pieces.

Inventory:

Hand Weapons
 b - a +0 whip
 e - a +0 dagger
Jewellery
 a - a ring of resist corrosion
Scrolls
 g - 3 scrolls of blinking {unknown}
Potions
 c - a potion of haste
 f - a potion of curing


   Skills:
 - Level 3.2 Fighting
 - Level 2.6 Dodging
 - Level 1.7 Stealth
 + Level 5.0 Unarmed Combat


You had 3 spell levels left.
You didn't know any spells.
Your spell library was empty.

Dungeon Overview and Level Annotations

Branches:
Dungeon (3/15)

Altars:
Beogh

Annotations:
D:3 Grinder


Innate Abilities, Weirdness & Mutations

Your plain brown scales are hard. (AC +5)
You cannot fit into any form of body armour.
You are cold-blooded and may be slowed by cold attacks.


Message History

Grinder gestures at you. You resist with significant effort. Grinder hits you!
You writhe in agony.
Grinder hits you!
* * * LOW HITPOINT WARNING * * *
Grinder hits you but does no damage. x2
Grinder gestures at you.
You shrug off the repeated paralysis!
Grinder gestures at you. Pain shoots through your body!
* * * LOW HITPOINT WARNING * * *
You can move again.
Magic scrolls do not work when you're silenced!
It was a potion of haste.
You feel yourself speed up. Grinder barely misses you.
You hit Grinder.
Grinder is lightly wounded.
It was a potion of curing.
You feel better.
Your hearing returns.
Grinder gestures at you. Pain shoots through your body!
* * * LOW HITPOINT WARNING * * *
You feel better.
You hit Grinder.
Grinder is lightly wounded.
Grinder hits you.
* * * LOW HITPOINT WARNING * * *
You closely miss Grinder.
Grinder is lightly wounded.
Grinder misses you.
You hit Grinder.
Grinder is moderately wounded.
You closely miss Grinder.
Your tail-slap misses Grinder.
Grinder is moderately wounded.
Grinder hits you.
* * * LOW HITPOINT WARNING * * *
You hit Grinder.
Grinder is moderately wounded.
Grinder hits you!
You die...

#.....#....... ###
##.#.#.#.......
#..##..#.#.........
#.................
.....##.##...#####
##.##..†......#
..............#
...####5####..#
#.@.# ..# ###.# ..#
.....# #....# .#$.#
#...# .### ##


You could see Grinder.

Vanquished Creatures
  2 adders (D:2)
  A worm (D:2)
  3 bats
  4 endoplasms
  3 giant cockroaches
  8 goblins
  5 hobgoblins
  6 jackals (D:1)
  A quokka (D:2)
  A ball python (D:2)
  3 frilled lizards
  2 kobolds
  13 rats
52 creatures vanquished.

Vanquished Creatures (others)
  2 plants (D:2)
2 creatures vanquished.

Grand Total: 54 creatures vanquished

Notes
Turn   | Place    | Note
-------+----------+-------------------------------------------
     0 | D:1      | pkoi the Draconian Monk began the quest for the Orb.
     0 | D:1      | Reached XP level 1. HP: 19/19 MP: 1/1
   331 | D:1      | Reached XP level 2. HP: 26/26 MP: 2/2
   836 | D:1      | Reached skill level 4 in Unarmed Combat
  1037 | D:1      | Found a faded altar of an unknown god.
  1384 | D:1      | Reached XP level 3. HP: 31/31 MP: 3/3
  2016 | D:2      | Reached XP level 4. HP: 35/38 MP: 4/4
  2195 | D:2      | Reached skill level 5 in Unarmed Combat
  2491 | D:3      | Noticed Grinder
  2497 | D:3      | Paralysed by Grinder for 7 turns
  2513 | D:3      | Slain by Grinder

Illustrated notes

Levels and vault maps discovered:
D:1:      minmay_arrival_diagonal_passages, layout_loops_corners,
          serial_aquarium, aquarium_bridge_square [aquarium_subvault_bridge,
          aquarium_subvault_bridge, aquarium_subvault_bridge,
          aquarium_subvault_wall], aquarium_window_1, aquarium_window_fake,
          aquarium_view_2d, aquarium_view_2c, aquarium_pool_2,
          hellmonk_ecumenical_altar_defaced_shrine
D:2:      layout_basic, serial_forest, infiniplex_forest_clump_small,
          infiniplex_forest_pool, infiniplex_forest_clump_curved,
          infiniplex_forest_lined_2, infiniplex_forest_end_2,
          infiniplex_forest_lined_ring, infiniplex_forest_corner_1,
          infiniplex_forest_clump_small, minmay_misc_feat_ornament
D:3:      layout_rooms, mainiacjoe_overflow_surrounded_room, serial_curves,
          eino_curves_02, eino_curves_02, chequers_serial_rivers_small_3,
          uniq_purgy, uniq_grinder

Skill      XL: |  1  2  3  4 |
---------------+-------------+-----
Unarmed Combat | 4 5 |  5.0
Fighting       | |  3.2
Dodging        | |  2.6
Stealth        | |  1.7

Action                   |  1- 3 |  4- 6 || total
-------------------------+-------+-------++-------
Melee: Unarmed           |   152 |    30 ||   182
       Tailslap          |     7 |     5 ||    12
       Punch             |     1 |       ||     1
  Use: Potion            |       |     3 ||     3
       Scroll            |       |     2 ||     2
 Stab: Sleeping          |     7 |       ||     7
Armor: Skin              |    36 |     8 ||    44
Dodge: Dodged            |    80 |    10 ||    90
